 Dungeon Crawl Stone Soup version 0.17-a0-1510-gb3fb22e (webtiles) character file.

13219 Chiseanne the Destroyer (level 11, -7/68 HPs)
             Began as a Demonspawn Wizard on July 11, 2015.
             Was a High Priest of Vehumet.
             Mangled by a white ugly thing (25 damage)
             ... on level 12 of the Dungeon.
             The game lasted 00:52:05 (15597 turns).

Chiseanne the Destroyer (Demonspawn Wizard)        Turns: 15597, Time: 00:52:05

Health: -7/68      AC:  9    Str: 11    XL:     11   Next: 72%
Magic:  0/35       EV: 16    Int: 22    God:    Vehumet [*****.]
Gold:   215        SH:  6    Dex: 20    Spells: 8 memorised, 13 levels left

rFire  . . .     SeeInvis .     a - +0 dagger (protect)
rCold  . . .     Clarity  .     o - +0 robe
rNeg   . . .     SustAt   .     Q - +0 buckler
rPois  .         Gourm    .     b - +1 hat
rElec  +         Spirit   +     (no cloak)
rCorr  .         Warding  .     K - +0 pair of gloves
rMut   .         Stasis   .     (no boots)
MR     +....                    W - amulet of faith
Stlth  ++........               r - ring of magical power
                                l - ring of Giadekid {rElec MR+ Str+4 Dex+7}

@: somewhat resistant to hostile enchantments, unstealthy
A: hooves 1, repulsion field 2, demonic guardian 1, magic shield
a: Renounce Religion


You were on level 12 of the Dungeon.
You worshipped Vehumet.
Vehumet was extremely pleased with you.
You were not hungry.

You visited 2 branches of the dungeon, and saw 14 of its levels.

You collected 835 gold pieces.
You spent 620 gold pieces at shops.

Inventory:

Hand weapons
 a - a +0 dagger of protection (weapon)
 s - a +1 dagger of venom
 w - the +1 blowgun "Conservator" {evade, rPois rC+ Str-5 Int+3}
   (You took it off a big kobold on level 10 of the Dungeon)

   It affects your evasion (+5 to EV).
   It affects your strength (-5).
   It affects your intelligence (+3).
   It protects you from cold.
   It protects you from poison.
Missiles
 m - 12 poisoned needles
 p - 10 curare-tipped needles
 A - 4 needles of confusion
Armour
 b - a +1 hat (worn)
 o - a +0 robe (worn)
 K - a +0 pair of gloves (worn)
 Q - a +0 buckler (worn)
Magical staves
 i - an uncursed staff of conjuration
 H - an uncursed staff of wizardry
Jewellery
 l - the ring of Giadekid (left hand) {rElec MR+ Str+4 Dex+7}
   (You found it on level 4 of the Dungeon)

   [ring of protection from magic]

   It affects your strength (+4).
   It affects your dexterity (+7).
   It insulates you from electricity.
   It affects your resistance to hostile enchantments.
 n - an uncursed ring of see invisible
 r - a ring of magical power (right hand)
 V - an uncursed ring of poison resistance
 W - an amulet of faith (around neck)
Magical devices
 g - a wand of enslavement (2)
 F - a wand of lightning (6)
 U - a wand of fire (0)
 Z - a wand of fire (9)
Scrolls
 q - 4 scrolls of teleportation
 u - 2 scrolls of amnesia
 v - 6 scrolls of remove curse
 E - 2 scrolls of fog
 R - 3 scrolls of recharging
 T - a scroll of magic mapping
 X - a scroll of enchant armour
Potions
 e - 2 potions of resistance
 f - a potion of invisibility
 h - a potion of brilliance
 j - 2 potions of cure mutation
 t - 10 potions of curing
 x - 4 potions of heal wounds
 B - 2 potions of magic
 C - 3 potions of agility
 D - 2 potions of lignification
 I - a potion of might
 L - a potion of mutation
 M - a potion of haste
 N - a potion of cancellation
 Y - 2 potions of ambrosia
Books
 c - a book of Minor Magic

   Spells                             Type                      Level
   a - Magic Dart                     Conjuration                  1
   b - Blink                          Translocation                2
   c - Call Imp                       Summoning                    2
   d - Repel Missiles                 Charms/Air                   2
   e - Slow                           Hexes                        2
   f - Conjure Flame                  Conjuration/Fire             3
   g - Mephitic Cloud                 Conjuration/Poison/Air       3
 O - a book of the Sky

   Spells                             Type                      Level
   a - Summon Lightning Spire         Summoning/Air                4
   b - Airstrike                      Air                          4
   c - Silence                        Hexes/Air                    5
   d - Deflect Missiles               Charms/Air                   6
   e - Conjure Ball Lightning         Conjuration/Air              6
   f - Tornado                        Air                          9
Miscellaneous
 y - a fan of gales
 P - a box of beasts
Comestibles
 d - 9 bread rations
 k - a beef jerky
 z - 2 meat rations


   Skills:
 - Level 1.7 Dodging
 - Level 1.7 Stealth
 + Level 5.4 Shields
 - Level 11.7 Spellcasting
 - Level 12.2 Conjurations
   Level 1.0 Summonings
 - Level 0.8 Translocations
 - Level 3.4 Poison Magic


You had 13 spell levels left.
You knew the following spells:

 Your Spells              Type           Power        Failure   Level  Hunger
a - Magic Dart            Conj           ####         1%          1    None
b - Searing Ray           Conj           ######       1%          2    None
c - Stone Arrow           Conj/Erth      #####.       1%          3    None
d - Repel Missiles        Chrm/Air       ##....       10%         2    None
e - Conjure Flame         Conj/Fire      #####...     1%          3    None
f - Mephitic Cloud        Conj/Pois/Air  #####...     1%          3    None
g - Blink                 Tloc           N/A          8%          2    None
h - Olgreb's Toxic Radia  Pois           ####....     4%          4    None


Dungeon Overview and Level Annotations

Branches:
Dungeon (12/15)            Temple (0/1) D:4            Lair (0/8) D:9
    Orc (2/4) D:11

Altars:
Ashenzari
Cheibriados
Dithmenos
Elyvilon
Fedhas
Gozag
Nemelex Xobeh
Qazlal
Ru
Trog
Vehumet
Xom
Yredelemnul
The Shining One
Beogh

Shops:
D:7 !   D:10 (=!   D:11 %   D:12 %


Innate Abilities, Weirdness & Mutations

You have large cloven feet.
You are surrounded by a moderate repulsion field (EV +3).
A weak demonic guardian rushes to your aid.
When hurt, damage is shared between your health and your magic reserves.


Message History

Casting: Stone Arrow
Confirm with . or Enter, or press ? or * to list all spells.
Aiming: Stone Arrow
Press: ? - help, Shift-Dir - straight line, f/p - white ugly thing
Aim: a white ugly thing (flame, moderately wounded)
The stone arrow hits the white ugly thing.
The white ugly thing is severely wounded.
The white ugly thing is engulfed in roaring flames.
You block the white ugly thing's attack.
Casting: Stone Arrow
Confirm with . or Enter, or press ? or * to list all spells.
Aiming: Stone Arrow
Press: ? - help, Shift-Dir - straight line, f/p - white ugly thing
Aim: a white ugly thing (flame, almost dead)
The stone arrow misses the white ugly thing.
The white ugly thing is engulfed in roaring flames.
The white ugly thing punches you!
* * * LOW HITPOINT WARNING * * *
The white ugly thing freezes you!!
You die...

##########.# #.......#.######
#..?.#.# #######.#..JJ§§§
####.##.#.#############.########
.....................).........J
####.##.#.#####.##############.#
.. #.#.#####.#### #.#
########.#..........# #.#
..........(.........# #.#
..†..#.###......@...# #######.#
###†##.# #.#####u#### #....H5..
# #.##.. ... #.# #........ #
#.##.## .# #.# #.....†.. #
#†##.# # #(# #........ #.##.#
#.########........ #.##.#
#....JJ........... ..#
#J......$..####### #..........


You could see a white ugly thing and a slime creature (fleeing).

Vanquished Creatures
  A centaur warrior (D:10)
  3 hill giants (D:10)
  A manticore (D:11)
  A centaur zombie (D:12)
  The ghost of trantor the Carver, an experienced MiFi (D:5)
  A gargoyle (D:11)
  2 kobold demonologists (D:11)
  2 slime creatures (D:12)
  2 two-headed ogres
  A wyvern (D:11)
  8 yaks
  A steam dragon (D:11)
  2 deep elf magi
  2 hippogriffs
  3 hungry ghosts
  Menkaure (D:7)
  A soldier ant (D:10)
  3 sky beasts
  3 black bears
  A wasp (D:12)
  5 ice beasts
  An orc warrior (D:11)
  2 phantoms
  A necrophage (D:12)
  6 ogres
  2 centaurs (D:5)
  4 big kobolds
  6 giant frogs
  A water moccasin zombie (D:10)
  2 scorpions
  12 killer bees
  3 wights (D:10)
  7 crimson imps
  A quasit (D:9)
  4 jellies
  2 hounds
  6 orc wizards
  2 centaur skeletons
  A giant frog skeleton (D:9)
  4 orc priests
  9 worker ants
  3 iguanas
  2 killer bee zombies
  2 hound zombies
  A worker ant zombie (D:9)
  3 gnolls (D:9)
  3 shadow imps
  6 adders
  An adder skeleton (D:5)
  An adder zombie (D:7)
  3 oozes
  A worm (D:2)
  4 giant geckos
  33 orcs
  4 ball pythons
  16 bats
  A bat skeleton (D:5)
  3 giant cockroaches
  13 goblins
  18 hobgoblins
  15 jackals
  4 quokkas
  A giant gecko skeleton (D:9)
  8 giant newts
  27 kobolds
  A quokka zombie (D:5)
  11 rats
  A spectral orc (D:2)
307 creatures vanquished.

Vanquished Creatures (collateral kills)
  A manticore (D:12)
  A slime creature (D:11)
  A kobold (D:8)
3 creatures vanquished.

Vanquished Creatures (others)
  2 bat zombies (D:6)
2 creatures vanquished.

Grand Total: 312 creatures vanquished

Notes
Turn   | Place    | Note
--------------------------------------------------------------
     0 | D:1      | Chiseanne the Demonspawn Wizard began the quest for the Orb.
     0 | D:1      | Reached XP level 1. HP: 13/13 MP: 4/4
   463 | D:1      | Gained mutation: When hurt, damage is shared between your health and your magic reserves. [demonic ancestry]
   463 | D:1      | Reached XP level 2. HP: 7/19 MP: 1/6
  1468 | D:2      | Gained mutation: You are surrounded by a mild repulsion field (EV +2). [demonic ancestry]
  1468 | D:2      | Reached XP level 3. HP: 24/24 MP: 6/8
  1661 | D:2      | Learned a level 2 spell: Blink
  1664 | D:2      | Learned a level 2 spell: Call Imp
  1667 | D:2      | Learned a level 2 spell: Repel Missiles
  1754 | D:2      | Found a shadowy altar of Dithmenos.
  1804 | D:2      | Found an opulent altar of Gozag.
  2360 | D:2      | Found a basalt altar of Yredelemnul.
  2717 | D:3      | Reached skill level 4 in Spellcasting
  2717 | D:3      | Reached XP level 4. HP: 11/30 MP: 1/10
  2721 | D:3      | HP: 1/30 [orc wizard/dagger (2)]
  3008 | D:3      | Found a radiant altar of Vehumet.
  3112 | D:3      | Found a blossoming altar of Fedhas.
  3113 | D:3      | Found a stormy altar of Qazlal.
  3122 | D:3      | Became a worshipper of Vehumet
  3361 | D:3      | Reached XP level 5. HP: 35/35 MP: 5/11
  3484 | D:3      | Learned a level 3 spell: Conjure Flame
  3835 | D:4      | Found a glowing golden altar of the Shining One.
  3879 | D:4      | Got a clouded turquoise ring
  3903 | D:4      | Identified the ring of Giadekid {rElec MR+ Str+4 Dex+7} (You found it on level 4 of the Dungeon)
  4062 | D:4      | Noticed a phantom
  4080 | D:4      | Killed a phantom
  4080 | D:4      | Reached skill level 5 in Spellcasting
  4080 | D:4      | Gained mutation: You have large cloven feet. [demonic ancestry]
  4080 | D:4      | Reached XP level 6. HP: 31/41 MP: 3/13
  4401 | D:4      | Found a staircase to the Ecumenical Temple.
  4692 | D:5      | Entered Level 5 of the Dungeon
  4705 | D:4      | Acquired Vehumet's first power
  4705 | D:4      | Offered knowledge of Flame Tongue by Vehumet.
  4770 | D:4      | Learned a level 3 spell: Mephitic Cloud
  4804 | D:5      | Found a blossoming altar of Fedhas.
  5318 | D:5      | Reached skill level 5 in Conjurations
  5466 | D:5      | Gained mutation: You are surrounded by a moderate repulsion field (EV +3). [demonic ancestry]
  5466 | D:5      | Reached XP level 7. HP: 38/46 MP: 15/15
  5762 | D:5      | Noticed trantor's ghost (experienced MiFi)
  5771 | D:5      | Killed trantor's ghost
  5771 | D:5      | Reached skill level 6 in Spellcasting
  6166 | D:5      | Reached XP level 8. HP: 52/52 MP: 11/18
  6388 | D:6      | Reached skill level 7 in Spellcasting
  6522 | D:6      | Offered knowledge of Shock by Vehumet.
  6663 | D:6      | Found a shimmering altar of Xom.
  7647 | D:7      | Found Poamom's Distillery.
  7652 | D:7      | Bought a potion of poison for 13 gold pieces
  7652 | D:7      | Bought a potion of mutation for 32 gold pieces
  7652 | D:7      | Bought a potion of haste for 130 gold pieces
  7652 | D:7      | Bought a potion of cancellation for 104 gold pieces
  7652 | D:7      | Bought a potion of curing for 39 gold pieces
  7916 | D:7      | Found a snail-covered altar of Cheibriados.
  8024 | D:7      | Found a white marble altar of Elyvilon.
  8119 | D:7      | Reached skill level 8 in Spellcasting
  8153 | D:7      | Noticed Menkaure
  8157 | D:7      | Killed Menkaure
  8376 | D:7      | Reached XP level 9. HP: 57/57 MP: 18/21
  8737 | D:8      | Offered knowledge of Searing Ray by Vehumet.
  8761 | D:8      | Reached skill level 9 in Conjurations
  9290 | D:8      | Found a sacrificial altar of Ru.
  9494 | D:9      | Acquired Vehumet's second power
  9685 | D:9      | Learned a level 2 spell: Searing Ray
  9795 | D:9      | Found a sparkling altar of Nemelex Xobeh.
  9943 | D:9      | Offered knowledge of Olgreb's Toxic Radiance by Vehumet.
  9958 | D:9      | Learned a level 4 spell: Olgreb's Toxic Radiance
  9958 | D:9      | Found a bloodstained altar of Trog.
  9977 | D:9      | Found a staircase to the Lair.
 10266 | D:9      | Reached skill level 10 in Conjurations
 10372 | D:9      | Reached skill level 1 in Poison Magic
 10786 | D:9      | Found a shattered altar of Ashenzari.
 10865 | D:9      | Gained mutation: A weak demonic guardian rushes to your aid. [demonic ancestry]
 10865 | D:9      | Reached XP level 10. HP: 63/63 MP: 21/23
 11023 | D:10     | Entered Level 10 of the Dungeon
 11032 | D:10     | Found Ehaxo's Distillery.
 11035 | D:10     | Bought a potion of berserk rage for 55 gold pieces
 11035 | D:10     | Bought a potion of ambrosia for 88 gold pieces
 11035 | D:10     | Bought a potion of heal wounds for 55 gold pieces
 11079 | D:10     | Found Faj Mupn's Weapon Shoppe.
 11090 | D:10     | Noticed a hill giant
 11111 | D:10     | Killed a hill giant
 11303 | D:10     | Noticed a hill giant
 11310 | D:10     | Killed a hill giant
 11310 | D:10     | Acquired Vehumet's third power
 11310 | D:10     | Reached skill level 10 in Spellcasting
 11430 | D:10     | Found Uqor's Jewellery Shoppe.
 11738 | D:10     | Offered knowledge of Stone Arrow by Vehumet.
 11743 | D:10     | Learned a level 3 spell: Stone Arrow
 12182 | D:10     | Got a faintly glowing blowgun
 12186 | D:10     | Identified the cursed +1 blowgun "Conservator" {evade, rPois rC+ Str-5 Int+3} (You took it off a big kobold on level 10 of the Dungeon)
 12225 | D:10     | Noticed a hill giant
 12241 | D:10     | Killed a hill giant
 12241 | D:10     | Reached skill level 11 in Conjurations
 12447 | D:10     | Noticed a centaur warrior
 12465 | D:10     | Killed a centaur warrior
 12852 | D:7      | Bought a potion of heal wounds for 65 gold pieces
 12852 | D:7      | Bought a potion of curing for 39 gold pieces
 12969 | D:11     | Found Xyerawuh's Food Shop.
 13098 | D:11     | Offered knowledge of Delayed Fireball by Vehumet.
 13098 | D:11     | Reached XP level 11. HP: 68/68 MP: 12/26
 13322 | D:11     | Noticed a manticore
 13334 | D:11     | Killed a manticore
 13356 | D:11     | Reached skill level 12 in Conjurations
 13447 | D:11     | Found a staircase to the Orcish Mines.
 13584 | D:11     | Found a roughly hewn altar of Beogh.
 14143 | Orc:1    | Entered Level 1 of the Orcish Mines
 14288 | D:12     | Found Cute's Food Emporium.
 14367 | D:12     | Reached skill level 1 in Shields
 15255 | D:12     | Reached skill level 5 in Shields
 15597 | D:12     | Mangled by a white ugly thing

Vault maps used:
D:1:      lightli_arrival_isolated_outpost
D:2:      nicolae_dithmenos_shadow_blocks, yredelemnul_forgotten_temple_becter,
          nicolae_gozag_cash_rules_everything_around_me
D:3:      grunt_temple_overflow_open, first_bread
D:4:      kennysheep_six_static_rooms, lemuel_doored_altar,
          minmay_temple_entry_statues
D:5:      fedhas_bush_and_centaur_altar
D:6:      xom_teletrap_fun, hangedman_decor_peaks_small
D:7:      nicolae_overflow_hidden_temple, kennysheep_mini_moat, serial_shops,
          kennysheep_little_box, uniq_menkaure
D:8:      nicolae_ru_sacrificial_ziggurat
D:9:      lemuel_coloured_pillars_altar, nemelex_xobeh_ov_fountains_minmay,
          old_standard_altar, lair_0_dummy
D:10:     serial_shops, kennysheep_mini,
          nicolae_shop_temple_entry_statues_fountains, nicolae_shop_behind_doors
D:11:     minmay_orc_entry_temple_small, serial_shops, nicolae_shop_waterfront
D:12:     serial_shops, nicolae_shop_stone
Orc:1:    serial_shops, shop, portal_ice_cave_entry_pillars_01
Orc:2:    nicolae_orc_sculptors_studio

Action                   |  1- 3 |  4- 6 |  7- 9 | 10-12 || total
-------------------------+-------+-------+-------+-------++-------
Melee: Club              |    11 |       |       |       ||    11
       Unarmed           |     2 |       |       |       ||     2
       Dagger            |    10 |    45 |    34 |     1 ||    90
       Short sword       |     2 |       |       |       ||     2
 Fire: Blowgun           |       |       |       |    42 ||    42
 Cast: Magic Dart        |   110 |   183 |   378 |   126 ||   797
       Repel Missiles    |     1 |     1 |     1 |     1 ||     4
       Conjure Flame     |       |     1 |    19 |    32 ||    52
       Mephitic Cloud    |       |     1 |    11 |    24 ||    36
       Searing Ray       |       |       |     6 |    10 ||    16
       Blink             |       |       |     1 |       ||     1
       Stone Arrow       |       |       |       |   122 ||   122
       Olgreb's Toxic Ra |       |       |       |     1 ||     1
Evoke: Wand              |       |       |    14 |       ||    14
  Use: Scroll            |     8 |     7 |     7 |     7 ||    29
 Stab: Sleeping          |       |       |     2 |     1 ||     3
       Confused          |       |       |       |     4 ||     4
  Eat: Chunk             |     5 |     9 |    16 |     3 ||    33
       Fruit             |       |       |       |     9 ||     9
       Pizza             |       |       |       |     2 ||     2
       Royal jelly       |       |       |       |     1 ||     1
       Beef jerky        |       |       |       |     2 ||     2
